 Dungeon Crawl Stone Soup version 0.22-a0-223-g0f5d773 (webtiles) character file.

221 4thArraOfDagon the Skirmisher (level 5, 0/32 HPs)
             Began as an Octopode Arcane Marksman on Feb 18, 2018.
             Was a Follower of Hepliaklqana.
             Slain by a white imp (2 damage)
             ... summoned by Eustachio
             ... on level 4 of the Dungeon.
             The game lasted 00:08:32 (1890 turns).

4thArraOfDagon the Skirmisher (OpAM)                Turns: 1890, Time: 00:08:32

Health: 0/32       AC:  1    Str:  4    XL:     5   Next: 98%
Magic:  7/7        EV: 14    Int: 16    God:    Hepliaklqana [*.....]
Gold:   143        SH:  0    Dex: 13    Spells: 5/6 levels left

rFire    . . .     SeeInvis .   m - +2 dagger (venom)
rCold    . . .     Gourm    .   (no shield)
rNeg     . . .     Faith    .   (helmet restricted)
rPois    .         Spirit   .   g - amulet of rage
rElec    .         Reflect  .   j - -5 ring of strength
rCorr    .         Harm     .   (no ring)
MR       .....                  (no ring)
Stlth    ++........             (no ring)
HPRegen  0.10/turn              (no ring)
MPRegen  0.10/turn              (no ring)
                                (no ring)
                                (no ring)

@: no status effects
A: almost no armour, stealthy swim, amphibious, 8 rings, constrict 8, reduced
essence, camouflage 1, gelatinous body 1
a: Recall Ancestor, Ancestor Identity, Renounce Religion, Evoke Berserk Rage


You were on level 4 of the Dungeon.
You worshipped Hepliaklqana.
Hepliaklqana was aware of your devotion.
You were not hungry.

You visited 1 branch of the dungeon, and saw 4 of its levels.
You also visited: Sewer.

You collected 143 gold pieces.

Inventory:

Hand Weapons
 l - a +1 hand axe of flaming
 m - a +2 dagger of venom (weapon)
Missiles
 b - 4 javelins (quivered)
 c - 2 throwing nets
Jewellery
 g - an amulet of rage (around mantle)
 j - a -5 ring of strength (left tentacle)
Scrolls
 h - 2 scrolls of teleportation
 n - a scroll of identify {unknown}
Potions
 d - 3 potions of haste {unknown}
 e - 4 potions of curing {unknown}
 f - a potion of heal wounds {unknown}
 i - 5 potions of flight {unknown}
 k - a potion of might {unknown}
Comestibles
 a - 7 rations
 o - 3 chunks of flesh


   Skills:
 + Level 3.3 Fighting
 - Level 1.4 Axes
 - Level 2.0 Throwing
 + Level 2.8 Dodging
 - Level 1.0 Spellcasting
 - Level 3.0 Hexes
 + Level 1.8 Invocations
 - Level 3.1 Evocations


You had 5 spell levels left.
You knew the following spells:

 Your Spells              Type           Power        Failure   Level  Hunger
a - Corona                Hex            ##.....      7%          1    ##.....


Dungeon Overview and Level Annotations

Branches:
Dungeon (4/15)
 Temple: D:4-7

Altars:
Hepliaklqana
Yredelemnul

Annotations:
D:4 Eustachio


Innate Abilities, Weirdness & Mutations

You cannot wear most types of armour.
You are very stealthy in the water. (Stealth+)
You are amphibious.
You can wear up to eight rings at the same time.
You can use your tentacles to constrict eight enemies at once.
Your skin changes colour to match your surroundings (Stealth+).
Your rubbery body absorbs attacks. (AC +1, EV +1)
Your life essence is reduced to manifest your ancestor. (-10% HP)


Message History

The white imp misses you.
Unknown command.
Unknown command.
Eustachio casts a spell.
The white imp hits Preben.
The white imp freezes Preben.
Preben resists.
Preben misses the white imp.
The white imp hits you. The white imp freezes you. The white imp hits you.
* * * LOW HITPOINT WARNING * * *
The white imp freezes you.
* * * LOW HITPOINT WARNING * * *
There is a stone staircase leading up here.
Unknown command.
The white imp hits Preben.
The white imp freezes Preben.
Preben resists.
Preben hits the white imp but does no damage.
The white imp hits you.
* * * LOW HITPOINT WARNING * * *
The white imp freezes you.
You die...

##....## ##
##....## ####
##.....#
##...###....#.##
#.....#....#...#
#.....@r..##...#
#......5.###...#
#....5rR.#
#...##
#....@5ยง##
#....# #......##
#....# ##..!###
###### ####


You could see the friendly Preben the ancestor, Eustachio, a river rat, 3 white
imps and a quokka.

Vanquished Creatures
  A big kobold (Sewer)
  An adder (D:2)
  3 river rats
  An ooze (D:2)
  3 worms (D:3)
  A dart slug (D:1)
  2 leopard geckos (D:3)
  6 orcs (D:3)
  A ball python (D:3)
  3 giant cockroaches (D:3)
  9 goblins
  4 hobgoblins
  4 jackals
  9 kobolds
  2 quokkas
  2 bats
  2 frilled lizards
  7 rats
61 creatures vanquished.

Vanquished Creatures (collateral kills)
  An adder (D:3)
  A worm (D:3)
  2 orcs (D:3)
  2 giant cockroaches
  3 goblins
  2 hobgoblins
  A kobold (D:1)
  A quokka (D:2)
  A bat (D:3)
  A rat (D:2)
15 creatures vanquished.

Vanquished Creatures (others)
  An ancestor (Sewer)
1 creature vanquished.

Grand Total: 77 creatures vanquished

Notes
Turn   | Place    | Note
-------+----------+-------------------------------------------
     0 | D:1      | 4thArraOfDagon the Octopode Arcane Marksman began the quest for the Orb.
     0 | D:1      | Reached XP level 1. HP: 13/13 MP: 2/2
   166 | D:2      | Found a hazy altar of Hepliaklqana.
   206 | D:2      | Became a worshipper of Hepliaklqana the Forgotten
   207 | D:2      | Reached XP level 2. HP: 17/17 MP: 3/3
   245 | D:2      | Reached skill level 1 in Evocations
   256 | D:2      | Reached XP level 3. HP: 18/21 MP: 4/4
   637 | D:2      | Found a basalt altar of Yredelemnul.
   868 | D:3      | Reached XP level 4. HP: 23/27 MP: 4/6
  1257 | D:3      | Reached skill level 1 in Axes
  1292 | D:3      | Found a glowing drain.
  1296 | Sewer    | Entered a sewer
  1296 | Sewer    | Reached * piety under Hepliaklqana
  1300 | Sewer    | Reached XP level 5. HP: 20/32 MP: 7/7
  1472 | Sewer    | Noticed a big kobold
  1520 | Sewer    | Killed a big kobold
  1520 | Sewer    | Reached skill level 1 in Invocations
  1557 | Sewer    | Found a white marble altar of Elyvilon.
  1868 | D:4      | Noticed Eustachio
  1890 | D:4      | Slain by a white imp

Vault maps used:
D:1:      tarquinn_simple_flora_water_c, minmay_misc_feat_chi
D:2:      lemuel_crystal_altar, nemelex_altar_shiori, lemuel_round_altar,
          first_ration, st_stairs_1, grunt_decor_mini_mirrors
D:3:      gup_sewer_entry_spiral
D:4:      minmay_temple_entry_large_hall, uniq_sigmund, uniq_eustachio
Sewer:    sewer_kobolds

Skill      XL: |  1  2  3  4  5 |
---------------+----------------+-----
Fighting       | 2 3 |  3.3
Evocations     | 1 2 3 |  3.1
Axes           | 1 |  1.4
Invocations    | 1 |  1.8
Throwing       | |  2.0
Dodging        | |  2.8
Spellcasting   | |  1.0
Hexes          | |  3.0

Action                   |  1- 3 |  4- 6 || total
-------------------------+-------+-------++-------
Melee: Unarmed           |    28 |     8 ||    36
       Constrict         |    23 |    22 ||    45
       Tentacles         |    13 |    10 ||    23
       Dagger            |    33 |    56 ||    89
       Hand axe          |       |    16 ||    16
Throw: Javelin           |    12 |    16 ||    28
Invok: Recall Ancestor   |       |     1 ||     1
       Ancestor Identity |       |     1 ||     1
 Abil: Evoke Berserk Rag |     1 |     1 ||     2
  Use: Scroll            |     2 |     1 ||     3
 Stab: Sleeping          |     6 |     6 ||    12
       Distracted        |     1 |       ||     1
  Eat: Chunk             |     1 |     4 ||     5
Armor: Skin              |     3 |     3 ||     6
Dodge: Dodged            |    30 |    57 ||    87

Table legend:
 A = Spawn XP
 B = Non-spawn XP
 C = Spawn XP percentage of total XP
 D = Spawn monster count
 E = Non-spawn monster count
 F = Spawn count percentage of total count
 G = Total turns spent on level
                    A         B        C        D         E        F      G
               +---------+---------+-------+---------+---------+-------+---------
         Total |       0 |     317 |   0.0 |       0 |      76 |   0.0 |  1890
               +---------+---------+-------+---------+---------+-------+---------
           D:1 |       0 |      35 |   0.0 |       0 |      18 |   0.0 |   573
           D:2 |       0 |      46 |   0.0 |       0 |      18 |   0.0 |   294
           D:3 |       0 |      98 |   0.0 |       0 |      28 |   0.0 |   691
           D:4 |       0 |       1 |   0.0 |       0 |       1 |   0.0 |    32
         Sewer |       0 |     137 |   0.0 |       0 |      11 |   0.0 |   300
               +---------+---------+-------+---------+---------+-------+---------
